 Dungeon Crawl Stone Soup version 0.30.0-3-ga4e48a9924 (webtiles) character file.

Game seed: 16000046451023122422

133 Exaltedone87 the Chopper (level 4, -1/34 HPs)
             Began as a Demonspawn Gladiator on May 7, 2023.
             Slain by an ogre
             ... wielding a +0 giant club
              (17 damage)
             ... on level 4 of the Dungeon.
             The game lasted 00:04:24 (1795 turns).

Exaltedone87 the Chopper (Demonspawn Gladiator)     Turns: 1795, Time: 00:04:24

Health: -1/34      AC:  5    Str: 16    XL:     4   Next: 93%
Magic:  4/4        EV: 13    Int:  9    God:
Gold:   150        SH:  0    Dex: 17    Spells: 3/3 levels left

rFire   . . .        o - +11 Singing Sword {sonic wave}
rCold   . . .        (no shield)
rNeg    . . .        b - +0 leather armour
rPois   .            j - +1 helmet
rElec   .            (no cloak)
rCorr   .            (no gloves)
SInv    .            (no boots)
Will    .....        (no amulet)
Stlth   ++           (no ring)
HPRegen 0.25/turn    (no ring)
MPRegen 0.09/turn

%: no passive effects
@: no status effects
A: thin skeletal structure 1, ignite blood 2
a: no special abilities


You were on level 4 of the Dungeon.
You visited 1 branch of the dungeon, and saw 4 of its levels.

You collected 150 gold pieces.

Inventory:

Hand Weapons
 a - a +0 war axe
 o - the +11 Singing Sword (weapon) {sonic wave}
   (You found it on level 3 of the Dungeon)
 r - the +6 flail "Tuvvy" {drain, rN+}
   (You found it on level 3 of the Dungeon)

   rN:        It protects you from negative energy.
Missiles
 d - 3 throwing nets (quivered)
 e - 5 javelins
Armour
 b - a +0 leather armour (worn)
 j - a +1 helmet (worn)
Jewellery
 q - an amulet of the acrobat
Scrolls
 f - a scroll of butterflies {unknown}
 i - a scroll of identify
 k - 2 scrolls of enchant armour {unknown}
 m - 2 scrolls of poison {unknown}
 p - a scroll of silence
 s - a scroll of teleportation {unknown}
Potions
 c - 8 potions of curing
 g - a potion of flight
 h - a potion of might
 l - 2 potions of mutation
 n - a potion of ambrosia


   Skills:
 + Level 2.9 Fighting
 * Level 1.5 Long Blades
 - Level 3.4 Axes
 - Level 1.7 Throwing
 + Level 1.5 Armour
 + Level 3.3 Dodging


You had 3 spell levels left.
You didn't know any spells.
Your spell library was empty.

Dungeon Overview and Level Annotations

Branches:
Dungeon (4/15)
 Temple: D:4-7

Altars:
Dithmenos
Sif Muna
Xom


Innate Abilities, Weirdness & Mutations

You have a somewhat thin skeletal structure. (Dex +2, Stealth+)
Your demonic aura often causes spilled blood to erupt in flames.


Message History

The frilled lizard hisses angrily.
You slice the frilled lizard!!
You kill the frilled lizard!
You open the door.
Found a short sword.
There is an open door here.
You see here a +0 short sword.
You see here a +0 short sword.
Found a stone staircase leading down.
There is a faded altar of an unknown god here.
There is a stone staircase leading up here.
Done exploring.
Done exploring.
There is a stone staircase leading down here.
You climb downwards.
Found a scroll labelled TAYSCH ESHADU.
Found a stone staircase leading down.
There is a stone staircase leading up here.
An orc comes into view. It is wielding a +0 club.
Found a shimmering altar of Xom.
The quokka bites you.
You closely miss the quokka. The quokka misses you. The quokka bites you.
You closely miss the quokka.
The orc shouts!
You hear a shout!
The quokka barely misses you. The quokka closely misses you.
You slash the quokka!
The Singing Sword says, "I don't know that song, but if you hum a few bars, I can take a stab at it."
You send a blast of sound all around you.
You kill the orc!
You kill the quokka!
You see here a quokka corpse.
An ogre comes into view. It is wielding a +0 giant club.
As you read the scroll of identify, it crumbles to dust.
h - a potion of might An orc comes into view.
It is wielding a +0 trident.
You barely miss the ogre.
The ogre hits you with a +0 giant club!!
Ouch! That really hurt!
You slash the ogre!
The ogre is heavily wounded.
The ogre is engulfed in blazing flames.
The ogre hits you with a +0 giant club!
Ouch! That really hurt!
You die...

#.. .. #.. ...
#o. ... # #.# #.#
. #.._.. #. #.#)#
#.### #.O.# ....
#@#
.####.###.######
.................
####.#†.#######+
#.#.## #...#
#<### #..# .....


You could see an ogre and an orc.

Vanquished Creatures
  An orc priest (D:3)
  An orc wizard (D:3)
  An adder (D:2)
  A worm (D:2)
  2 dart slugs (D:3)
  4 orcs
  2 endoplasms
  6 giant cockroaches
  4 goblins
  3 hobgoblins (D:3)
  4 kobolds
  2 quokkas
  9 ball pythons
  8 bats
  5 frilled lizards
  7 rats (D:1)
60 creatures vanquished.

Notes
Turn   | Place    | Note
-------+----------+-------------------------------------------
     0 | D:1      | Exaltedone87 the Demonspawn Gladiator began the quest for
                  | the Orb.
     0 | D:1      | Reached XP level 1. HP: 16/16 MP: 1/1
   259 | D:1      | Gained mutation: Your demonic aura sometimes causes spilled
                  | blood to erupt in flames. [demonic ancestry]
   259 | D:1      | Reached XP level 2. HP: 22/22 MP: 2/2
   785 | D:2      | Gained mutation: You have a somewhat thin skeletal
                  | structure. (Dex +2, Stealth+) [demonic ancestry]
   785 | D:2      | Reached XP level 3. HP: 24/28 MP: 3/3
   980 | D:2      | Reached skill level 1 in Armour
  1145 | D:2      | Found a shimmering blue altar of Sif Muna.
  1219 | D:3      | Found the +11 Singing Sword {sonic wave}
  1363 | D:3      | Identified the +6 flail "Tuvvy" {drain, rN+}
  1391 | D:3      | Gained mutation: Your demonic aura often causes spilled
                  | blood to erupt in flames. [demonic ancestry]
  1391 | D:3      | Reached XP level 4. HP: 34/34 MP: 4/4
  1425 | D:3      | Reached skill level 1 in Long Blades
  1573 | D:3      | Found a faded altar of an unknown god.
  1581 | D:3      | Found a shadowy altar of Dithmenos.
  1785 | D:4      | Found a shimmering altar of Xom.
  1790 | D:4      | Noticed an ogre
  1795 | D:4      | Slain by an ogre

Illustrated notes

Levels and vault maps discovered:
D:1:      dpeg_arrival_ratfight, layout_loops_ring, grunt_decor_cap
D:2:      layout_rooms, basic_altar
D:3:      layout_rooms, mainiacjoe_overflow_six_doors_small,
          shapermc_ecumenical_altar_mp_highgroup, chequers_serial_rivers_small_a
D:4:      layout_basic, lemuel_crystal_altar, nicolae_shop_overcharged_wands

Skill      XL: |  1  2  3  4 |
---------------+-------------+-----
Axes           | 3 |  3.4
Dodging        | 3 |  3.3
Armour         | 1 |  1.5
Long Blades    | 1 |  1.5
Fighting       | |  2.9
Throwing       | |  1.7

Action                     |  1- 3 |  4- 6 || total
---------------------------+-------+-------++-------
  Melee: War axe           |   109 |       ||   109
         Punch             |     1 |       ||     1
         Double sword      |     9 |    18 ||    27
    Use: Scroll            |     6 |     1 ||     7
   Stab: Sleeping          |     3 |       ||     3
 Armour: Leather armour    |    62 |     2 ||    64
  Dodge: Dodged            |   107 |    13 ||   120
